 Dungeon Crawl Stone Soup version 0.28-a0-973-ga7f8b01 (webtiles) character file.

Game seed: 12902855446494206205

287 Dorkslayer the Chopper (level 6, -7/53 HPs)
             Began as a Hill Orc Fighter on Dec 1, 2021.
             Mangled by an ogre (31 damage)
             ... on level 5 of the Dungeon.
             The game lasted 00:08:48 (3651 turns).

Dorkslayer the Chopper (Hill Orc Fighter)           Turns: 3651, Time: 00:08:50

Health: -7/53      AC:  8    Str: 21    XL:     6   Next: 30%
Magic:  6/6        EV:  9    Int:  8    God:
Gold:   320        SH:  4    Dex: 10    Spells: 5/5 levels left

rFire   . . .      SeeInvis .   a - +0 war axe
rCold   . . .      Faith    .   c - +0 buckler
rNeg    . . .      Spirit   .   b - +0 scale mail
rPois   .          Reflect  .   (helmet restricted)
rElec   .          Harm     .   (no cloak)
rCorr   .          Rampage  .   (no gloves)
Will    .....                   m - +0 pair of boots
Stlth   ..........              (no amulet)
HPRegen 0.17/turn               (no ring)
MPRegen 0.10/turn               (no ring)

@: no status effects
A: hooves 1, horns 1, evolution 1, noise suppression
a: no special abilities


You were on level 5 of the Dungeon.
You visited 1 branch of the dungeon, and saw 5 of its levels.

You collected 320 gold pieces.

Inventory:

Hand Weapons
 a - a +0 war axe (weapon)
Armour
 b - a +0 scale mail (worn)
 c - a +0 buckler (worn)
 g - a +1 helmet
 m - a +0 pair of boots (worn)
Wands
 u - a wand of polymorph (8)
Scrolls
 e - 2 scrolls of immolation {unknown}
 j - a scroll of amnesia {unknown}
 k - a scroll of magic mapping {unknown}
 n - a scroll of noise {unknown}
 o - a scroll of fog {unknown}
 p - 2 scrolls of teleportation {unknown}
 s - a scroll of fear {unknown}
 t - a scroll of blinking {unknown}
 w - a scroll of acquirement {unknown}
Potions
 d - a potion of might
 f - 2 potions of heal wounds
 h - 2 potions of mutation
 i - a potion of attraction
 q - 2 potions of haste
 r - 2 potions of brilliance {unknown}


   Skills:
 + Level 4.6 Fighting
 + Level 5.0 Axes
 * Level 1.8 Throwing
 + Level 4.7 Armour
 + Level 0.5 Dodging
 + Level 0.1 Stealth
 + Level 3.9 Shields


You had 5 spell levels left.
You didn't know any spells.
Your spell library contained the following spells:

 Spells                   Type           Power      Damage    Failure   Level
 Blink                    Tloc           0%         N/A       86%         2
 Lesser Beckoning         Tloc           0%         N/A       98%         3
 Manifold Assault         Tloc           0%         N/A       100%        5


Dungeon Overview and Level Annotations

Branches:
Dungeon (5/15)
 Temple: D:4-7

Altars:
Cheibriados
Sif Muna
Vehumet

Shops:
D:1 (

Annotations:
D:5 Sigmund


Innate Abilities, Weirdness & Mutations

You have large cloven feet.
You have a pair of small horns on your head.
You have hidden genetic potential.
You passively dampen the noise of your surroundings.


Message History

You throw a curare-tipped dart.
The curare-tipped dart barely misses the ogre.
Unknown command.
Throw: 3 darts (curare)
Press: ? - help, Q - select action, (/) - cycle Shift-Dir - straight line, f/p - ogre
Aim: an ogre, wielding a +0 giant spiked club (73% to hit)
You throw a curare-tipped dart.
The curare-tipped dart barely misses the ogre.
Throw: 2 darts (curare)
Press: ? - help, Q - select action, (/) - cycle Shift-Dir - straight line, f/p - ogre
Aim: an ogre, wielding a +0 giant spiked club (73% to hit)
You throw a curare-tipped dart.
The curare-tipped dart completely misses the ogre.
The ogre barely misses you. Sigmund barely misses you.
Throw: dart (curare)
Press: ? - help, Q - select action, (/) - cycle Shift-Dir - straight line, f/p - ogre
Aim: an ogre, wielding a +0 giant spiked club (73% to hit)
You throw a curare-tipped dart. The curare-tipped dart hits the ogre.
The ogre is poisoned.
The ogre convulses.
The ogre seems to slow down.
The ogre is moderately wounded.
The ogre barely misses you.
Sigmund hits you from afar with a +0 scythe!
You hit the ogre.
The ogre is moderately wounded.
You barely miss the ogre.
The ogre is heavily wounded.
Sigmund hits you from afar with a +0 scythe.
The ogre hits you with a +0 giant spiked club!
You hit the ogre but do no damage.
The ogre is severely wounded.
Sigmund hits you from afar with a +0 scythe.
You hit the ogre.
The ogre is almost dead.
Sigmund casts a spell.
Sigmund flickers and vanishes!
Deactivating autopickup; reactivate with Ctrl-A.
The ogre hits you with a +0 giant spiked club!!
Ouch! That really hurt!
You die...

#########
#@O....(#
#....##.#
#..{..#
#........
#.....#.#
#....## #
#.....
###.###


You could see an ogre (poisoned, slow).

Vanquished Creatures
  An ogre (D:3)
  A bullfrog skeleton (D:4)
  A hound (D:4)
  4 gnolls (D:2)
  2 adders
  2 adder skeletons
  2 worms
  3 dart slugs
  5 bats
  4 endoplasms
  4 giant cockroaches
  5 goblins
  4 hobgoblins
  7 jackals (D:2)
  7 quokkas
  5 ball pythons
  A frilled lizard (D:1)
  6 kobolds
  3 rats
  A spectral goblin (D:2)
68 creatures vanquished.

Vanquished Creatures (others)
  A fungus (D:3)
1 creature vanquished.

Grand Total: 69 creatures vanquished

Notes
Turn   | Place    | Note
-------+----------+-------------------------------------------
     0 | D:1      | Dorkslayer the Hill Orc Fighter began the quest for the
                  | Orb.
     0 | D:1      | Reached XP level 1. HP: 19/19 MP: 1/1
   236 | D:1      | Reached XP level 2. HP: 26/27 MP: 2/2
   550 | D:1      | Reached skill level 3 in Axes
   565 | D:1      | Found Uzautef's Antique Weapon Emporium.
   891 | D:1      | Reached XP level 3. HP: 32/33 MP: 3/3
  1357 | D:2      | Found a faded altar of an unknown god.
  1510 | D:2      | Reached XP level 4. HP: 32/39 MP: 4/4
  1596 | D:2      | Gained mutation: You have hidden genetic potential. [potion
                  | of mutation]
  1596 | D:2      | Gained mutation: You have a pair of small horns on your
                  | head. [potion of mutation]
  1596 | D:2      | Gained mutation: You have large cloven feet. [potion of
                  | mutation]
  2284 | D:3      | Reached skill level 1 in Throwing
  2411 | D:3      | Noticed an ogre
  2420 | D:3      | Killed an ogre
  2421 | D:3      | Reached skill level 4 in Axes
  2421 | D:3      | Reached XP level 5. HP: 47/47 MP: 5/5
  2434 | D:3      | Gained mutation: You passively dampen the noise of your
                  | surroundings. [hidden potential]
  2447 | D:3      | Found a snail-covered altar of Cheibriados.
  2470 | D:3      | Found a radiant altar of Vehumet.
  3135 | D:4      | Found a shimmering blue altar of Sif Muna.
  3197 | D:4      | Reached XP level 6. HP: 35/53 MP: 6/6
  3468 | D:4      | Reached skill level 5 in Axes
  3643 | D:5      | Entered Level 5 of the Dungeon
  3643 | D:5      | Noticed Sigmund
  3651 | D:5      | Mangled by an ogre

Illustrated notes

Levels and vault maps discovered:
D:1:      shiori_arrival_oz, layout_basic, serial_shops, shop
D:2:      layout_rooms, dreamdust_ecumenical_altar_drowned_temple, minivault_5
D:3:      layout_loops_corners, mainiacjoe_overflow_big_doors,
          kennysheep_generic_room_14
D:4:      layout_basic, old_standard_altar
D:5:      layout_loops_corners, uniq_sigmund

Skill      XL: |  1  2  3  4  5  6 |
---------------+-------------------+-----
Axes           | 3 4 5 |  5.0
Fighting       | 4 |  4.6
Armour         | 4 |  4.7
Throwing       | 1 |  1.8
Dodging        | |  0.5
Stealth        | |  0.1
Shields        | |  3.9

Action                   |  1- 3 |  4- 6 || total
-------------------------+-------+-------++-------
Melee: War axe           |   153 |    75 ||   228
       Headbutt          |       |    12 ||    12
       Kick              |       |    11 ||    11
Throw: Dart              |     2 |     9 ||    11
  Use: Potion            |       |     4 ||     4
       Scroll            |       |     4 ||     4
Armor: Scale mail        |    80 |    18 ||    98
Dodge: Dodged            |    79 |    35 ||   114
Block: Buckler           |    45 |    12 ||    57

Table legend: (Time is in decaauts)
 A = Elapsed time spent in this place.
 B = Non-inter-level travel time spent in this place.
 C = Inter-level travel time spent in this place.
 D = Time resting spent in this place.
 E = Time spent auto-exploring this place.
 F = Levels seen in this place.
 G = Mean time per level.
                   A        B        C        D        E       F      G
               +--------+--------+--------+--------+--------+-----+--------+
         Total |   3732 |   3676 |     56 |    520 |   1454 |   5 |  746.4 |
       Dungeon |   3732 |   3676 |     56 |    520 |   1454 |   5 |  746.4 |
               +--------+--------+--------+--------+--------+-----+--------+

Top non-repeatable levels by time:
     D:1: 1154 daAuts
     D:2: 1017 daAuts
     D:3: 912 daAuts
     D:4: 640 daAuts
     D:5: 8 daAuts
